 Dungeon Crawl Stone Soup version 0.17-a0-1197-g2d00c63 (webtiles) character file.

593057 nuthulu the Gargoyle Barricade (level 27, -4/179 HPs)
             Began as a Gargoyle Fighter on June 1, 2015.
             Was the Champion of Trog.
             Slain by a golden dragon (36 damage)
             ... on level 2 of the Realm of Zot on June 2, 2015.
             The game lasted 07:50:58 (66006 turns).

nuthulu the Gargoyle Barricade (Gargoyle Fighter)  Turns: 66006, Time: 07:50:58

Health: -4/179     AC: 61    Str: 31    XL:     27
Magic:  0/35       EV: 16    Int: 10    God:    Trog [******]
Gold:   6264       SH: 34    Dex: 13    Spells: 1 memorised, 27 levels left

rFire  + + +     SeeInvis +     y - +6 demon whip "Ymicwuri" {elec, Str+4 SInv}
rCold  + + +     Clarity  .     c - +8 plate armour {rF+}
rNeg   + + .     SustAt   .     s - +6 large shield of Ru's Supremacy {rF+ MR+ Regen+ Dex-2}
rPois  ∞         Gourm    .     X - +2 helmet {SInv}
rElec  +         Spirit   +     h - +2 cloak {MR+}
rCorr  +         Warding  .     B - +0 pair of gloves {Dex+3}
rMut   .         Stasis   .     D - +2 pair of boots "Xatuny" {rC+}
MR     ++++.                    K - amulet of guardian spirit
Stlth  ..........               A - ring "Ryt Orol" {+cTele rC++ MP+9}
                                W - ring of positive energy

@: resistant, flying, incredibly resistant to hostile enchantments, extremely
unstealthy
A: big wings, talons 2, agile 1, blurry vision 2, dopey 1, mutation resistance
1, negative energy resistance 1, screaming 1, electricity resistance, weak 1,
unbreathing, petrification resistance, rot immunity, AC +20
a: Stop Flying, Burn Spellbooks, Berserk, Trog's Hand, Brothers in Arms,
Renounce Religion, Evoke Teleport Control
}: 3/15 runes: serpentine, barnacled, silver


You were on level 2 of the Realm of Zot.
You worshipped Trog.
Trog was exalted by your worship.
You were not hungry.

You visited 10 branches of the dungeon, and saw 51 of its levels.
You also visited: Labyrinth, Ice Cave and Volcano.

You collected 7736 gold pieces.
You spent 1472 gold pieces at shops.

Inventory:

Hand weapons
 a - the +10 flail "Reimofua" {crush, rElec rPois Str+2 Dex-5}
   (You found it on level 2 of the Vaults)

   It inflicts extra damage upon your enemies.
   It affects your strength (+2).
   It affects your dexterity (-5).
   It insulates you from electricity.
   It protects you from poison.
 m - a +8 flail of protection
 n - the +3 demon blade of the Badger {freeze, *Noise Str+5 Int+4}
   (Trog gifted it to you on level 1 of the Realm of Zot)

   It has been specially enchanted to freeze those struck by it, causing extra
   injury to most foes and up to half again as much damage against particularly
   susceptible opponents.
   It can also slow down cold-blooded creatures.
   It affects your strength (+5).
   It affects your intelligence (+4).
   It may make noises in combat.
 y - the +6 demon whip "Ymicwuri" (weapon) {elec, Str+4 SInv}
   (Trog gifted it to you on level 4 of the Vaults)

   Occasionally, upon striking a foe, it will discharge some electrical energy
   and cause terrible harm.
   It affects your strength (+4).
   It lets you see invisible.
 F - the +8 morningstar of Dullness {pain, rC+ rN+ MR++ Dex-5}
   (You found it on level 8 of the Lair of Beasts)

   In the hands of one skilled in necromantic magic, it inflicts extra damage on
   living creatures.
   It affects your dexterity (-5).
   It protects you from cold.
   It protects you from negative energy.
   It affects your resistance to hostile enchantments.
 Q - the +6 whip of Wyrd {slash, +Rage Str+2}
   (You found it on level 2 of the Lair of Beasts)

   It inflicts extra damage upon your enemies.
   It affects your strength (+2).
   It lets you go berserk.
Armour
 c - a +8 plate armour of fire resistance (worn)
 h - a +2 cloak of magic resistance (worn)
 s - the +6 large shield of Ru's Supremacy (worn) {rF+ MR+ Regen+ Dex-2}
   (You acquired it on level 7 of the Lair of Beasts)

   It affects your dexterity (-2).
   It protects you from fire.
   It affects your resistance to hostile enchantments.
   It increases your rate of regeneration.
 B - a +0 pair of gloves of dexterity (worn)
 D - the +2 pair of boots "Xatuny" (worn) {rC+}
   (You found it on level 3 of the Vaults)

   It protects you from cold.
 X - a +2 helmet of see invisible (worn)
Jewellery
 f - the ring "Dyivare" {*Contam rF+ Int+5}
   (You found it on level 5 of the Vaults)

   [ring of protection from fire]

   It affects your intelligence (+5).
   It protects you from fire.
   It causes magical contamination when unequipped.
 A - the ring "Ryt Orol" (right hand) {+cTele rC++ MP+9}
   (You bought it in a shop on level 6 of the Dungeon)

   [ring of teleport control]

   It can be evoked for teleport control.
   It greatly protects you from cold.
   It affects your magic capacity (+9).
 K - an amulet of guardian spirit (around neck)
 L - an uncursed ring of invisibility
 W - a ring of positive energy (left hand)
 Y - an uncursed amulet of warding
 Z - an uncursed amulet of clarity
Magical devices
 w - a wand of confusion (26)
 C - a wand of lightning (8)
 I - a wand of paralysis (20)
 N - a wand of flame (26)
 S - a wand of cold (7)
 T - a wand of lightning (7)
 V - a wand of digging (14)
Scrolls
 b - 3 scrolls of holy word
 d - 16 scrolls of teleportation
 j - 14 scrolls of recharging
 k - 27 scrolls of identify
 r - a scroll of summoning
 t - 7 scrolls of fog
 x - 22 scrolls of remove curse
 G - 8 scrolls of fear
 J - 4 scrolls of blinking
 M - 7 scrolls of magic mapping
 P - a scroll of silence
Potions
 i - 3 potions of brilliance
 p - 4 potions of heal wounds
 q - 13 potions of curing
 v - 3 potions of cancellation
 z - 5 potions of might
 H - 10 potions of agility
 O - 2 potions of haste
 R - 2 potions of magic
 U - 7 potions of flight
Comestibles
 e - 10 bread rations
 g - 12 meat rations
 l - 9 beef jerkies
 o - 9 slices of pizza
 u - 24 fruits


   Skills:
 * Level 19.9 Fighting
 * Level 23.0 Maces & Flails
   Level 1.1(15.8) Staves
 * Level 19.8 Armour
 * Level 14.7 Dodging
 - Level 0.2 Stealth
 O Level 27 Shields
 - Level 2.2 Spellcasting
 + Level 1.0 Conjurations
 - Level 0.1 Evocations


You had 27 spell levels left.
You knew the following spells:

 Your Spells              Type           Power        Failure   Level  Hunger
a - Mephitic Cloud        Conj/Pois/Air  #.......     100%        3    ####...


Dungeon Overview and Level Annotations

Branches:
Dungeon (15/15)            Temple (1/1) D:7            Lair (8/8) D:9
 Shoals (4/4) Lair:3        Snake (4/4) Lair:4        Slime (0/6) Lair:6
    Orc (4/4) D:9             Elf (3/3) Orc:4        Vaults (5/5) D:14
  Crypt (0/3) Vaults:3     Depths (5/5) D:15            Zot (2/5) Depths:5

Altars:
Ashenzari
Cheibriados
Dithmenos
Elyvilon
Fedhas
Gozag
Kikubaaqudgha
Makhleb
Nemelex Xobeh
Okawaru
Qazlal
Ru
Sif Muna
Trog
Vehumet
Xom
Yredelemnul
Zin
The Shining One
Beogh
Jiyva
Lugonu

Shops:
D:6 *   D:11 }   D:15 ((%}*   Orc:4 :(*[=   Elf:1 ?   Elf:2 [   Elf:3 }
Shoals:2 (   Shoals:4 [   Snake:2 *   Vaults:3 !   Depths:1 ?   Depths:2 (

Portals:
Hell: Lair:8 Depths:1 Depths:2 Depths:3 Depths:4 Depths:5
Abyss: Depths:3 Depths:4
Pandemonium: Depths:3


Innate Abilities, Weirdness & Mutations

You are resistant to torment.
Your stone body is resilient (AC +20).
You are immune to poison.
Your large and strong wings let you fly indefinitely.
You resist negative energy.
You are resistant to electric shocks.
You can survive without breathing.
You are immune to petrification.
You are immune to rotting.
You have razor-sharp toenails.
You are agile. (Dex +2)
Scrolls take you longer to read.
You are dopey. (Int -2)
You are somewhat resistant to further mutation.
You occasionally shout uncontrollably at your foes.
You are weak. (Str -2)


Message History

Your stone giant dies!
Your stone giant's corpse disappears in a puff of smoke!
Use which ability? (? or * to list)
Your hill giant goes berserk!
You feel somewhat more hungry.
The orb of fire glows bright magenta.
The fireball explodes!
The fireball engulfs you! You resist.
* * * LOW HITPOINT WARNING * * *
The fireball engulfs the orb of fire.
The orb of fire completely resists.
The orb of fire emits a lurid red light.
The fireball explodes!
The fireball engulfs you! You resist.
* * * LOW HITPOINT WARNING * * *
The fireball engulfs the orb of fire.
The orb of fire completely resists.
The fireball engulfs the orb of fire.
The orb of fire completely resists.
You hear a roar!
Read which item? (? for menu, Esc to quit)
Really read with blurry vision while enemies are nearby?
Your hill giant hits the orb of fire with a giant club!!
The golden dragon bites you!!!
You die...

##..# .....##..# # .
##..# ....§....# .#
....# ...q§§...##..#
....# #..d...# ##..##
##q.....# ##...##
##.q†##..# ###...##
##.q)## .# .###...##
##*d.## #
..###...########@y.##
...###..........*D##
#...###........C.##
#... ######..####
#..# ...... .
........ ≈ .
#..####..# ≈≈ ## #..
..# §≈≈##.


You could see 2 orbs of fire, a yellow draconian monk, a golden dragon
(berserk), a yellow draconian (berserk), a red draconian, a red draconian
shifter, a red draconian annihilator, a moth of wrath and a friendly hill giant
(berserk).

Vanquished Creatures
  Sojobo (Depths:1)
  Norris (Depths:1)
  6 caustic shrikes
  8 golden dragons
  the Enchantress (Depths:2)
  Jorgrun (Elf:2)
  4 liches
  Rupert (D:12)
  8 tentacled monstrosities
  The ghost of Vikmgn the Scorcher, a mighty DrFE of Vehumet (Elf:3)
  4 titans
  A quicksilver dragon (Depths:5)
  2 deep elf blademasters
  A deep elf master archer (Elf:3)
  3 octopode crushers (Depths:3)
  Agnes (D:15)
  A shadow dragon (Depths:4)
  9 sphinxes
  10 storm dragons
  10 tengu reavers
  Roxanne (Elf:2)
  Ilsuiw (Shoals:4)
  12 greater nagas
  13 frost giants
  Donald (Orc:4)
  An azure jelly (Lair:6)
  6 fire giants
  3 draconian knights
  2 iron dragons
  11 vault wardens
  Aizul (Snake:3)
  A balrug (Depths:4)
  A draconian scorcher (Depths:5)
  An orc warlord (Orc:4)
  10 deep elf sorcerers
  A draconian shifter (Depths:5)
  18 ironheart preservers
  A draconian annihilator (Zot:2)
  8 spriggan defenders
  24 stone giants
  7 rakshasas
  3 war gargoyles
  26 very ugly things
  5 deep elf demonologists
  2 grey draconians (Depths:5)
  A reaper (Depths:4)
  A draconian caller (Zot:1)
  2 green draconians
  Nessos (D:13)
  10 deep elf annihilators
  2 black draconians (Zot:2)
  A dire elephant (Lair:8)
  Azrael (Elf:2)
  5 purple draconians
  3 mottled draconians
  A white draconian (Zot:1)
  A yellow draconian (Zot:1)
  A vampire knight (Depths:2)
  4 red draconians
  Snorg (D:13)
  5 merfolk javelineers
  4 deep elf death magi
  10 ettins
  A blizzard demon (Depths:4)
  31 vault guards
  An eidolon (Vaults:3)
  10 merfolk impalers
  A minotaur (Lab)
  Josephine (Lair:4)
  7 deep elf high priests
  24 yaktaur captains
  11 fire dragons
  6 great orbs of eyes
  The ghost of Zwobot the Carver, a powerful CeGl of Kikubaaqudgha (D:11)
  28 naga warriors
  2 entropy weavers
  Harold (D:11)
  A hell beast (Depths:3)
  5 death cobs (Zot:1)
  A ghost crab (shapeshifter) (Depths:4)
  4 ice dragons
  2 death knights (Vaults:3)
  14 centaur warriors
  6 merfolk aquamancers
  5 merfolk avatars
  2 hydras
  An alligator snapping turtle (Shoals:4)
  A queen ant (Lair:3)
  16 dancing weapons
  A satyr (Shoals:4)
  7 spriggan air magi
  A catoblepas (shapeshifter) (Vaults:3)
  5 anacondas
  12 deep troll earth magi
  2 vampire magi
  14 deep troll shamans
  9 ogre magi
  17 naga sharpshooters
  10 tengu warriors
  6 spriggan berserkers
  6 salamander stormcallers
  19 death yaks
  3 shock serpents
  Sonja (D:15)
  6 spriggans
  A large abomination (Elf:3)
  4 skeletal warriors
  3 sun demons (Depths:4)
  4 soul eaters
  An orc high priest (Orc:4)
  2 small abominations
  A fire crab (shapeshifter) (Vaults:4)
  4 salamander mystics
  13 hell knights
  2 ice devils (Depths:4)
  3 shadow wraiths
  17 deep elf knights
  An unseen horror (shapeshifter) (Vaults:2)
  6 iron trolls
  13 sea snakes
  40 deep trolls
  14 deep elf summoners
  A death drake (shapeshifter) (Depths:3)
  5 unseen horrors
  A torturous demonspawn (Depths:3)
  8 naga ritualists
  3 flayed ghosts
  3 ice statues
  12 orc knights
  7 hill giants
  5 necromancers
  Pikel (D:7)
  2 giant orange brains
  A wolf spider (shapeshifter) (Depths:2)
  35 harpies
  15 deep elf conjurers
  9 ironbrand convokers
  An orb spider (shapeshifter) (Vaults:5)
  A harpy (shapeshifter) (Depths:3)
  12 salamanders
  3 orc sorcerers (Orc:4)
  2 mana vipers (Snake:1)
  7 griffons
  12 moths of wrath
  90 ugly things
  7 cyclopes
  3 hornets
  7 fauns
  A stone giant zombie (Depths:2)
  23 manticores
  6 wolf spiders
  8 naga magi
  A toenail golem (Volcano)
  4 wizards
  2 frost giant skeletons
  8 elephants
  2 sixfirhies
  4 rust devils
  6 centaur zombies
  3 drowned souls (Shoals:4)
  2 molten gargoyles (Volcano)
  A moth of wrath (shapeshifter) (Vaults:3)
  13 sirens
  A storm dragon simulacrum (Vaults:3)
  24 black mambas
  14 vault sentinels
  5 guardian serpents (Snake:4)
  2 torpor snails
  10 water nymphs
  A titan simulacrum (Depths:4)
  A gargoyle (D:11)
  An octopode (shapeshifter) (Vaults:2)
  11 komodo dragons
  An orange demon (Depths:3)
  18 spiny frogs
  A demonic crawler (Elf:1)
  5 efreet
  47 yaktaurs
  3 komodo dragons (shapeshifter)
  6 red devils
  A spiny frog (shapeshifter) (Depths:2)
  5 tengu conjurers
  2 kobold demonologists
  A spriggan skeleton (Depths:2)
  A wind drake (Shoals:2)
  A harpy zombie (D:15)
  10 freezing wraiths
  16 deep elf priests
  A polar bear (shapeshifter) (Vaults:4)
  2 fire drakes
  9 trolls
  13 two-headed ogres
  A wind drake (shapeshifter) (Depths:5)
  8 blue devils
  A boulder beetle (shapeshifter) (Vaults:4)
  30 merfolk
  Grinder (D:4)
  A wandering mushroom (Vaults:3)
  A fire vortex (Vaults:3)
  30 slime creatures
  A hornet zombie (D:15)
  2 blink frogs
  12 polar bears
  A trapdoor spider zombie (D:11)
  A raiju (shapeshifter) (Vaults:2)
  2 deep troll zombies (Depths:1)
  A sphinx simulacrum (Depths:4)
  2 boulder beetles
  23 ravens
  An ice dragon zombie (Depths:1)
  A spriggan zombie (Depths:2)
  4 snapping turtles
  A jumping spider (Depths:5)
  6 wyverns
  4 flying skulls (Depths:4)
  7 redbacks
  3 shadows (Depths:4)
  7 air elementals
  A human (D:7)
  2 vampires (D:14)
  28 water elementals
  3 fire elementals (Elf:2)
  8 wraiths
  15 hippogriffs
  5 fire bats
  2 ynoxinuls
  A redback (shapeshifter) (Depths:2)
  3 hogs
  4 basilisks
  18 vampire mosquitoes
  2 golden eyes (Vaults:3)
  A tarantella (Depths:1)
  37 yaks
  A hippogriff (shapeshifter) (Vaults:3)
  50 deep elf fighters
  36 deep elf magi
  An elf simulacrum (Depths:4)
  A steam dragon (D:13)
  3 hungry ghosts
  Menkaure (D:4)
  A human simulacrum (Vaults:2)
  Edmund (D:5)
  A soldier ant (shapeshifter) (Vaults:2)
  14 porcupines
  A warg (shapeshifter) (Vaults:1)
  77 nagas
  3 mottled dragons (Depths:5)
  22 soldier ants
  5 wargs
  2 insubstantial wisps (Vaults:3)
  19 water moccasins
  35 wolves
  2 slaves (Temple)
  7 sky beasts
  4 hell hounds
  4 wasps
  17 ice beasts
  2 black bears
  A wasp (shapeshifter) (Vaults:2)
  4 spiders (D:14)
  3 phantoms
  29 orc warriors
  30 ogres
  22 crocodiles
  15 boggarts
  20 giant frogs
  3 big kobolds
  A brain worm (D:12)
  33 centaurs
  A water moccasin zombie (D:7)
  A water moccasin skeleton (D:7)
  14 killer bees
  9 scorpions
  A glowing shapeshifter simulacrum (Vaults:2)
  4 wights (D:12)
  4 electric eels
  6 lava snakes
  A vampire bat (Vaults:3)
  3 crimson imps
  2 quasits (Depths:3)
  A wyvern simulacrum (D:14)
  An iron imp (Depths:3)
  A giant frog zombie (D:5)
  A gnoll shaman (D:9)
  5 hounds
  4 jellies
  35 orc wizards
  15 orc priests
  2 centaur skeletons (D:11)
  3 giant frog skeletons
  10 iguanas
  2 hell rats (Elf:3)
  30 worker ants
  24 sheep
  2 hound skeletons
  2 worker ant zombies
  8 adders
  6 gnolls (D:9)
  3 shadow imps
  70 river rats
  3 white imps
  A giant eyeball (D:11)
  2 ufetubi (Depths:3)
  2 oozes
  3 worms
  10 giant geckos
  152 orcs
  2 ball pythons
  13 bats
  A bat zombie (D:3)
  2 giant cockroaches
  22 hobgoblins
  41 kobolds
  7 quokkas
  A giant gecko skeleton (D:4)
  3 giant newts
  25 goblins
  16 jackals
  12 rats
  A rat zombie (D:3)
  2 fungi
  A plant (Shoals:4)
2615 creatures vanquished.

Vanquished Creatures (collateral kills)
  An orb of fire (Zot:2)
  Mennas (Vaults:3)
  2 ancient liches
  A titan (Vaults:5)
  A deep elf blademaster (Elf:3)
  Kirke (Lair:6)
  An azure jelly (Lair:6)
  A vault warden (Vaults:5)
  A fire giant (Vaults:4)
  Maud (Lair:7)
  2 frost giants (Vaults:5)
  3 deep elf sorcerers (Elf:3)
  The ghost of Charly the Severer, a powerful GrBe of Trog (Snake:4)
  A very ugly thing (Vaults:5)
  A deep elf annihilator (Elf:3)
  A red draconian (Zot:2)
  A merfolk javelineer (Shoals:4)
  2 merfolk impalers (Shoals:4)
  3 deep elf high priests
  2 entropy weavers (Depths:1)
  2 hydras (Lair:7)
  A yaktaur captain (Vaults:5)
  A catoblepas (shapeshifter) (Vaults:5)
  2 centaur warriors
  A dancing weapon (Vaults:5)
  5 death yaks (Lair:7)
  A spriggan berserker (Depths:4)
  A small abomination (Elf:3)
  Urug (Orc:4)
  A sun demon (Lair:8)
  An unseen horror (shapeshifter) (Vaults:4)
  2 skeletal warriors (Depths:4)
  A deep elf summoner (Depths:4)
  An ironbrand convoker (Vaults:4)
  A deep elf conjurer (Elf:3)
  9 ugly things
  2 orc knights
  2 salamanders (Snake:4)
  A shining eye (Lair:6)
  A moth of wrath (Zot:2)
  2 sixfirhies (Elf:3)
  A black mamba (Lair:7)
  5 rust devils (Depths:4)
  6 orange demons
  2 smoke demons
  A yaktaur (Vaults:5)
  2 hellwings
  2 red devils (Elf:3)
  A tormentor (Vaults:5)
  2 blue devils
  2 jumping spiders (Depths:1)
  3 merfolk (Shoals:4)
  A troll (D:14)
  2 redbacks (Depths:1)
  A fire bat (Lair:6)
  4 water elementals (Shoals:4)
  A chaos spawn (Depths:4)
  A neqoxec (Elf:3)
  A hog (Lair:6)
  A naga (Snake:4)
  4 orc warriors (Orc:4)
  4 spiders (D:14)
  A giant frog (Lair:7)
  A crimson imp (Elf:3)
  2 orc priests (Orc:4)
  An orc wizard (Orc:4)
  A hell rat (Depths:4)
  A hound (D:14)
  An iguana (Lair:6)
  2 ufetubi (Elf:3)
  An orc (Orc:4)
  A goblin (Orc:4)
  2 crawling corpses (Elf:3)
128 creatures vanquished.

Vanquished Creatures (others)
  Vashnia (Snake:3)
  A deep elf master archer (Elf:3)
  A sphinx (Vaults:3)
  A storm dragon (Vaults:5)
  2 tengu reavers (Vaults:5)
  4 stone giants
  2 ironheart preservers
  A deep elf high priest (Elf:3)
  A salamander stormcaller (Vaults:5)
  5 deep trolls
  A phantasmal warrior (Vaults:3)
  2 ironbrand convokers
  7 hill giants
  A deep elf conjurer (Vaults:3)
  A sixfirhy (Vaults:5)
  4 drowned souls
  2 yaktaurs (Vaults:5)
  A deep elf priest (Elf:1)
  A polar bear (IceCv)
  A slime creature (shapeshifter) (Vaults:4)
  A troll (Depths:2)
  A redback (Depths:4)
  3 humans (Lair:6)
  4 deep elf fighters
  A hippogriff (shapeshifter) (Vaults:5)
  A water moccasin (Lair:8)
  An elf simulacrum (Depths:4)
  A hell rat (Elf:1)
  A shadow imp (Vaults:3)
  A giant eyeball (D:11)
  3 orcs
  A kobold (D:5)
  A quokka (D:7)
  5 fungi
  3 lost souls
  3 plants
71 creatures vanquished.

Grand Total: 2814 creatures vanquished

Notes
Turn   | Place    | Note
--------------------------------------------------------------
     0 | D:1      | nuthulu the Gargoyle Fighter began the quest for the Orb.
     0 | D:1      | Reached XP level 1. HP: 14/14 MP: 1/1
   342 | D:1      | Reached XP level 2. HP: 19/19 MP: 2/2
  1075 | D:1      | Reached XP level 3. HP: 24/24 MP: 3/3
  1469 | D:2      | Reached skill level 4 in Armour
  1589 | D:2      | Reached XP level 4. HP: 29/29 MP: 4/4
  1917 | D:3      | Found a deep blue altar of Sif Muna.
  2285 | D:3      | Noticed a water moccasin
  2301 | D:3      | Killed a water moccasin
  2301 | D:3      | Reached skill level 1 in Dodging
  2301 | D:3      | Reached XP level 5. HP: 28/34 MP: 5/5
  2452 | D:3      | Noticed a centaur
  2473 | D:3      | Killed a centaur
  2473 | D:3      | Reached XP level 6. HP: 36/39 MP: 6/6
  2544 | D:3      | Reached skill level 5 in Armour
  2708 | D:3      | Found a sacrificial altar of Ru.
  2852 | D:3      | Found an ancient bone altar of Kikubaaqudgha.
  3002 | D:4      | Noticed Menkaure
  3007 | D:4      | Killed Menkaure
  3007 | D:4      | Reached skill level 5 in Shields
  3007 | D:4      | Reached XP level 7. HP: 44/44 MP: 7/7
  3480 | D:4      | Noticed Grinder
  3492 | D:4      | Paralysed by Grinder for 4 turns
  3497 | D:4      | Paralysed by Grinder for 3 turns
  3541 | D:4      | HP: 1/44 [Grinder/nerve-wracking pain (8)]
  3546 | D:4      | Killed Grinder
  3546 | D:4      | Reached skill level 5 in Fighting
  3957 | D:4      | Found a white marble altar of Elyvilon.
  4259 | D:5      | Entered Level 5 of the Dungeon
  4259 | D:5      | Noticed Edmund
  4297 | D:4      | Reached skill level 6 in Shields
  4364 | D:5      | Reached XP level 8. HP: 48/50 MP: 8/8
  4450 | D:5      | Killed Edmund
  4939 | D:5      | Found a stormy altar of Qazlal.
  5167 | D:5      | Found a shadowy altar of Dithmenos.
  5689 | D:5      | Reached skill level 7 in Shields
  5892 | D:6      | Found a basalt altar of Yredelemnul.
  5956 | D:6      | Reached XP level 9. HP: 44/55 MP: 9/9
  6132 | D:6      | Reached skill level 1 in Staves
  6386 | D:6      | Found Elaorrup's Assorted Antiques.
  6408 | D:6      | Bought a pitted lapis lazuli ring for 115 gold pieces
  6408 | D:6      | Identified the ring "Ryt Orol" {+cTele rC++ MP+9} (You bought it in a shop on level 6 of the Dungeon)
  6770 | D:7      | Reached skill level 8 in Shields
  6927 | D:7      | Found a glowing golden altar of the Shining One.
  7000 | D:7      | Found a bloodstained altar of Trog.
  7008 | D:7      | Reached skill level 5 in Maces & Flails
  7042 | D:7      | Found a staircase to the Ecumenical Temple.
  7049 | D:7      | Noticed Pikel
  7052 | Temple   | Entered the Ecumenical Temple
  7180 | D:7      | Killed Pikel
  7180 | D:7      | Reached skill level 1 in Spellcasting
  7386 | D:7      | Reached XP level 10. HP: 54/63 MP: 12/12
  7751 | D:8      | Found a shattered altar of Ashenzari.
  7782 | D:8      | Reached skill level 9 in Shields
  7791 | D:8      | Learned a level 3 spell: Mephitic Cloud
  8123 | D:8      | Found a shadowy altar of Dithmenos.
  8454 | D:7      | Became a worshipper of Trog the Wrathful
  8598 | D:9      | Reached skill level 1 in Conjurations
  8721 | D:9      | Gained mutation: Scrolls take you a little longer to read. [mutagenic meat]
  8722 | D:9      | Gained mutation: Scrolls take you longer to read. [mutagenic meat]
  8723 | D:9      | Gained mutation: You are agile. (Dex +2) [mutagenic meat]
  8939 | D:10     | Entered Level 10 of the Dungeon
  9086 | D:9      | Acquired Trog's first power
  9215 | D:9      | Noticed a manticore
  9224 | D:9      | Killed a manticore
  9224 | D:9      | Reached skill level 5 in Dodging
  9261 | D:9      | Noticed a tengu warrior
  9290 | D:9      | Killed a tengu warrior
  9290 | D:9      | Reached skill level 10 in Shields
  9440 | D:9      | Reached XP level 11. HP: 68/68 MP: 14/14
  9587 | D:9      | Found a staircase to the Lair.
  9655 | D:9      | Acquired Trog's second power
  9810 | D:9      | Found a staircase to the Orcish Mines.
  9895 | D:9      | Found an iron altar of Okawaru.
 10620 | D:10     | Gained mutation: You have sharp toenails. [potion of mutation]
 10620 | D:10     | Gained mutation: You are somewhat resistant to further mutation. [potion of mutation]
 10935 | D:10     | Noticed a hill giant
 10957 | D:10     | Killed a hill giant
 10957 | D:10     | Reached skill level 11 in Shields
 11168 | Lair:1   | Entered Level 1 of the Lair of Beasts
 11265 | Lair:1   | Got a bloodstained ring mail
 11268 | Lair:1   | Identified the +1 ring mail "Gehed" {-Tele Str+7} (You found it on level 1 of the Lair of Beasts)
 12542 | Lair:2   | Acquired Trog's third power
 12666 | Lair:2   | Reached XP level 12. HP: 72/75 MP: 15/15
 12804 | Lair:2   | Reached skill level 12 in Shields
 12904 | Lair:2   | Got a faintly glowing whip
 12907 | Lair:2   | Identified the +6 whip of Wyrd {slash, +Rage Str+2} (You found it on level 2 of the Lair of Beasts)
 12918 | Lair:2   | Noticed a four-headed hydra
 12936 | Lair:2   | Killed a four-headed hydra
 13495 | Lair:3   | Found a staircase to the Shoals.
 13671 | Lair:3   | Noticed a death yak
 13688 | Lair:3   | Killed a death yak
 13689 | Lair:3   | Noticed a death yak
 13705 | Lair:3   | Killed a death yak
 14036 | Lair:3   | Received a gift from Trog
 14080 | Lair:3   | Gained mutation: You have razor-sharp toenails. [potion of beneficial mutation]
 14180 | Lair:3   | Reached skill level 13 in Shields
 14211 | Lair:3   | Noticed a queen ant
 14343 | Lair:3   | Received a gift from Trog
 14344 | Lair:3   | Got a polished quarterstaff {god gift}
 14385 | Lair:3   | Killed a queen ant
 14392 | Lair:3   | Reached skill level 10 in Maces & Flails
 14439 | Lair:3   | Identified the +1 quarterstaff "Wuimutsu" {freeze, +Blink +Fly} (Trog gifted it to you on level 3 of the Lair of Beasts)
 14607 | Lair:3   | Reached XP level 13. HP: 79/82 MP: 16/16
 14902 | Lair:4   | Found a staircase to the Snake Pit.
 14974 | Lair:4   | Noticed Josephine
 15012 | Lair:4   | Killed Josephine
 15042 | Lair:4   | Reached skill level 10 in Fighting
 15486 | Lair:4   | Got an ancient scimitar
 15487 | Lair:4   | Identified the +5 scimitar "Bearue Boav" {freeze, Str+8 Dex+2} (You found it on level 4 of the Lair of Beasts)
 16789 | Lair:5   | Got an ancient scale mail
 16792 | Lair:5   | Identified the +6 scale mail of Exclusion {rElec rCorr} (You found it on level 5 of the Lair of Beasts)
 17282 | Lair:6   | Reached skill level 10 in Armour
 17712 | Lair:6   | Noticed Kirke
 17732 | Lair:6   | Found a runed door.
 17733 | Lair:6   | Noticed an azure jelly
 17765 | Lair:6   | Killed Kirke
 17872 | Lair:6   | Reached skill level 14 in Shields
 18095 | Lair:6   | Found a viscous altar of Jiyva.
 18099 | Lair:6   | Found a staircase to the Slime Pits.
 18466 | Lair:6   | Noticed an azure jelly
 19342 | Lair:6   | Gained mutation: Your large and strong wings let you fly indefinitely. [Gargoyle growth]
 19342 | Lair:6   | Reached XP level 14. HP: 68/88 MP: 17/17
 19454 | Lair:6   | Killed an azure jelly
 19459 | Lair:6   | Killed an azure jelly
 19459 | Lair:6   | Received a gift from Trog
 19638 | Lair:7   | Identified a scroll of acquirement
 19640 | Lair:7   | Got a crude large shield
 19657 | Lair:7   | Identified the +6 large shield of Ru's Supremacy {rF+ MR+ Regen+ Dex-2} (You acquired it on level 7 of the Lair of Beasts)
 19675 | Lair:7   | Noticed Maud
 19703 | Lair:7   | Killed Maud
 19703 | Lair:7   | Reached skill level 15 in Shields
 20607 | Lair:8   | Entered Level 8 of the Lair of Beasts
 20667 | Lair:8   | Received a gift from Trog
 20859 | Lair:8   | Got an encrusted morningstar
 20862 | Lair:8   | Identified the +8 morningstar of Dullness {pain, rC+ rN+ MR++ Dex-5} (You found it on level 8 of the Lair of Beasts)
 21323 | Lair:8   | Received a gift from Trog
 21717 | Lair:8   | Reached skill level 16 in Shields
 21767 | Lair:8   | Found a burning altar of Makhleb.
 21785 | Lair:8   | Reached XP level 15. HP: 68/95 MP: 18/18
 21798 | Lair:8   | Found a gateway to Hell.
 22113 | Orc:1    | Entered Level 1 of the Orcish Mines
 22506 | Orc:3    | Received a gift from Trog
 22615 | Orc:3    | Found a radiant altar of Vehumet.
 23206 | Orc:4    | Entered Level 4 of the Orcish Mines
 23206 | Orc:4    | Noticed Donald
 23240 | Orc:4    | Killed Donald
 23385 | Orc:4    | Found a dark tunnel.
 23398 | Volcano  | Entered a volcano
 23583 | Volcano  | Found a burning altar of Makhleb.
 23844 | Orc:4    | Found a frozen archway.
 23851 | IceCv    | Entered an ice cave
 23957 | IceCv    | Received a gift from Trog
 24203 | IceCv    | Noticed a frost giant
 24235 | IceCv    | Killed a frost giant
 24318 | Orc:4    | Noticed Urug
 24354 | Orc:4    | Killed Urug
 24561 | Orc:4    | Found a roughly hewn altar of Beogh.
 24573 | Orc:4    | Found Oseruwan's General Store.
 24626 | Orc:4    | Received a gift from Trog
 24776 | Orc:4    | Found Kosih's Jewellery Shoppe.
 24792 | Orc:4    | Found Xaqah's Antique Armour Shoppe.
 24800 | Orc:4    | Bought a runed helmet for 135 gold pieces
 24823 | Orc:4    | Found Wexili's Antique Weapon Shoppe.
 24851 | Orc:4    | Found a staircase to the Elven Halls.
 25006 | Orc:4    | Found Ecriet's Book Emporium.
 25693 | D:11     | Reached skill level 17 in Shields
 25866 | D:11     | Paralysed by a giant eyeball for 2 turns
 25869 | D:11     | Noticed Harold
 25880 | D:11     | Killed Harold
 25933 | D:11     | Noticed Zwobot's ghost (powerful CeGl)
 25978 | D:11     | Killed Zwobot's ghost
 26242 | D:11     | Received a gift from Trog
 26334 | D:11     | Found Nurejuob's Gadget Shoppe.
 26787 | D:11     | Reached XP level 16. HP: 103/103 MP: 19/19
 27141 | D:12     | Noticed Rupert
 27175 | D:12     | Killed Rupert
 27788 | D:12     | Found a burning altar of Makhleb.
 27971 | D:12     | Received a gift from Trog
 28373 | D:13     | Found Simeekh's Food Shop.
 28381 | D:13     | Bought a meat ration for 70 gold pieces
 28381 | D:13     | Bought a bread ration for 70 gold pieces
 28381 | D:13     | Bought 2 fruits for 42 gold pieces
 28381 | D:13     | Bought 5 fruits for 105 gold pieces
 28381 | D:13     | Bought a bread ration for 70 gold pieces
 28381 | D:13     | Bought a slice of pizza for 21 gold pieces
 28381 | D:13     | Bought a bread ration for 70 gold pieces
 28381 | D:13     | Bought a meat ration for 70 gold pieces
 28381 | D:13     | Bought a beef jerky for 21 gold pieces
 28381 | D:13     | Bought a bread ration for 70 gold pieces
 28561 | D:13     | Noticed Nessos
 28562 | D:13     | Noticed Snorg
 28577 | D:13     | Killed Snorg
 28590 | D:13     | Killed Nessos
 28964 | D:14     | Received a gift from Trog
 28989 | D:14     | Reached skill level 18 in Shields
 29235 | D:14     | Found a labyrinth entrance.
 29276 | Lab      | Entered a labyrinth
 29911 | D:14     | Upgraded the game from 0.17-a0-1184-gb75be8f to 0.17-a0-1197-g2d00c63
 30032 | D:14     | Found a gate to the Vaults.
 30487 | D:15     | Entered Level 15 of the Dungeon
 30742 | D:15     | Found a staircase to the Depths.
 30822 | D:15     | Found Cov Boce's Food Shop.
 30824 | D:15     | Found Kaif Jus's Antique Weapon Emporium.
 30851 | D:15     | Noticed Sonja
 30885 | D:15     | Noticed Agnes
 30910 | D:15     | Killed Agnes
 30910 | D:15     | Received a gift from Trog
 30920 | D:15     | Killed Sonja
 30986 | D:15     | Found Jetus's Assorted Antiques.
 31244 | D:15     | Found Pappogh's Antique Weapon Shop.
 31416 | D:15     | Found a sacrificial altar of Ru.
 31483 | D:15     | Reached XP level 17. HP: 108/108 MP: 20/20
 31758 | D:15     | Found Satonoda's Gadget Shoppe.
 32183 | Snake:1  | Entered Level 1 of the Snake Pit
 33280 | Snake:2  | Found Kagric's General Store.
 33313 | Snake:2  | Reached skill level 19 in Shields
 33384 | Snake:2  | Received a gift from Trog
 33438 | Snake:2  | Found a shimmering altar of Xom.
 33994 | Snake:3  | Noticed Vashnia
 34062 | Snake:3  | Killed Vashnia
 34496 | Snake:3  | Noticed Aizul
 34537 | Snake:3  | Killed Aizul
 34537 | Snake:3  | Received a gift from Trog
 35170 | Snake:4  | Entered Level 4 of the Snake Pit
 35385 | Snake:4  | Noticed Charly's ghost (powerful GrBe)
 35432 | Snake:4  | Killed Charly's ghost
 35673 | Snake:4  | Reached skill level 15 in Maces & Flails
 35673 | Snake:4  | Reached skill level 20 in Shields
 35704 | Snake:4  | Reached XP level 18. HP: 84/115 MP: 21/21
 35861 | Snake:4  | Received a gift from Trog
 36063 | Snake:4  | Reached skill level 10 in Dodging
 36295 | Snake:4  | Got a serpentine rune of Zot
 36669 | Snake:4  | Received a gift from Trog
 36911 | Snake:4  | Got a fine morningstar
 36914 | Snake:4  | Identified the +0 morningstar of Hofuceom {crush, SInv} (You found it on level 4 of the Snake Pit)
 37820 | Elf:1    | Entered Level 1 of the Elven Halls
 38020 | Elf:1    | Found Goigelitt's Magic Scroll Emporium.
 38049 | Elf:1    | Received a gift from Trog
 38252 | Elf:1    | Reached skill level 21 in Shields
 38614 | Elf:1    | Reached XP level 19. HP: 121/121 MP: 22/22
 38652 | Elf:1    | Got a transparent falchion
 38653 | Elf:1    | Identified the +8 falchion of Pride {flame, Str+2} (You found it on level 1 of the Elven Halls)
 39188 | Elf:1    | Received a gift from Trog
 39351 | Elf:2    | Found a runed gate.
 39351 | Elf:2    | Found a runed gate.
 39351 | Elf:2    | Found a runed gate.
 39377 | Elf:2    | Noticed Azrael
 39402 | Elf:2    | Killed Azrael
 39516 | Elf:2    | Found Uzoybb's Armour Boutique.
 39545 | Elf:2    | Noticed Roxanne
 39575 | Elf:2    | Killed Roxanne
 39579 | Elf:2    | Received a gift from Trog
 39959 | Elf:2    | Noticed Jorgrun
 39980 | Elf:2    | Killed Jorgrun
 40421 | Elf:3    | Entered Level 3 of the Elven Halls
 40469 | Elf:3    | Noticed Vikmgn's ghost (mighty DrFE)
 40504 | Elf:3    | Killed Vikmgn's ghost
 40580 | Elf:3    | Found Telabif's Gadget Boutique.
 40618 | Elf:3    | Received a gift from Trog
 41312 | Elf:3    | Reached skill level 15 in Fighting
 41372 | Elf:3    | Received a gift from Trog
 41403 | Elf:3    | Reached XP level 20. HP: 67/129 MP: 13/23
 42393 | Shoals:1 | Entered Level 1 of the Shoals
 42632 | Shoals:1 | Received a gift from Trog
 43132 | Shoals:2 | Reached skill level 22 in Shields
 43232 | Shoals:2 | Found Xeovinn's Weapon Shop.
 44089 | Shoals:3 | Received a gift from Trog
 44886 | Shoals:4 | Entered Level 4 of the Shoals
 44984 | Shoals:4 | Found Miyggec's Armour Emporium.
 44987 | Shoals:4 | Noticed Ilsuiw
 45107 | Shoals:4 | Killed Ilsuiw
 45345 | Shoals:4 | Received a gift from Trog
 45414 | Shoals:4 | Reached skill level 15 in Armour
 45504 | Shoals:4 | Found a glowing golden altar of the Shining One.
 45572 | Shoals:4 | Reached XP level 21. HP: 114/135 MP: 24/24
 45737 | Shoals:4 | Got a barnacled rune of Zot
 46661 | Depths:1 | Entered Level 1 of the Depths
 46661 | Depths:1 | Noticed Norris
 46680 | Depths:1 | Killed Norris
 46795 | Depths:1 | Reached skill level 23 in Shields
 46797 | Depths:1 | Received a gift from Trog
 47298 | Depths:1 | Noticed Sojobo
 47792 | Depths:1 | Found a bloodstained altar of Trog.
 47864 | Depths:1 | Found Tuzalucw's Magic Scroll Shoppe.
 47871 | Depths:1 | Bought a scroll of enchant armour for 97 gold pieces
 47871 | Depths:1 | Bought a scroll of enchant armour for 97 gold pieces
 47871 | Depths:1 | Bought a scroll of enchant armour for 97 gold pieces
 48019 | Depths:1 | Killed Sojobo
 48099 | Vaults:1 | Entered Level 1 of the Vaults
 48119 | Vaults:1 | Received a gift from Trog
 49368 | Vaults:2 | Got a bloodstained flail
 49371 | Vaults:2 | Identified the +10 flail "Reimofua" {crush, rElec rPois Str+2 Dex-5} (You found it on level 2 of the Vaults)
 49606 | Vaults:2 | Received a gift from Trog
 49652 | Vaults:2 | Reached XP level 22. HP: 140/142 MP: 25/25
 50525 | Vaults:2 | Reached skill level 24 in Shields
 50965 | Vaults:3 | Received a gift from Trog
 51314 | Vaults:3 | Noticed Mennas
 51377 | Vaults:3 | Killed Mennas
 51543 | Vaults:3 | Found a staircase to the Crypt.
 51795 | Vaults:3 | Found Tofoet's Distillery.
 51810 | Vaults:3 | Got a pair of translucent boots
 51813 | Vaults:3 | Identified the +2 pair of boots "Xatuny" {rC+} (You found it on level 3 of the Vaults)
 52646 | Vaults:3 | Bought a potion of heal wounds for 70 gold pieces
 52646 | Vaults:3 | Bought a potion of heal wounds for 70 gold pieces
 52646 | Vaults:3 | Bought a potion of curing for 42 gold pieces
 52646 | Vaults:3 | Bought a potion of haste for 140 gold pieces
 52827 | Vaults:3 | Received a gift from Trog
 52929 | Vaults:3 | Reached XP level 23. HP: 148/148 MP: 26/26
 53810 | Vaults:4 | Received a gift from Trog
 53989 | Vaults:4 | Noticed an ancient lich
 54000 | Vaults:4 | Killed an ancient lich
 54235 | Vaults:4 | Received a gift from Trog
 54245 | Vaults:4 | Got a polished demon whip {god gift}
 54255 | Vaults:4 | Identified the +6 demon whip "Ymicwuri" {elec, Str+4 SInv} (Trog gifted it to you on level 4 of the Vaults)
 54790 | Vaults:5 | Entered Level 5 of the Vaults
 54837 | Vaults:4 | Reached skill level 25 in Shields
 55119 | Vaults:4 | Received a gift from Trog
 55266 | Vaults:5 | Reached XP level 24. HP: 153/156 MP: 26/26
 55668 | Vaults:5 | Got a faintly humming plate armour
 55671 | Vaults:5 | Identified the +4 plate armour of the Tarantula {rF+ Int-3 Dex+4} (You found it on level 5 of the Vaults)
 55830 | Vaults:5 | Noticed an ancient lich
 55966 | Vaults:5 | Received a gift from Trog
 56506 | Vaults:5 | Killed an ancient lich
 56688 | Vaults:5 | Got a bound lead ring
 56691 | Vaults:5 | Identified the ring "Dyivare" {*Contam rF+ Int+5} (You found it on level 5 of the Vaults)
 56889 | Vaults:5 | Got a silver rune of Zot
 57306 | Vaults:5 | Received a gift from Trog
 58161 | Depths:2 | Found a runed warning-scrawled door.
 58180 | Depths:2 | Found a runed door.
 58189 | Depths:2 | Found a runed door.
 58246 | Depths:2 | Reached XP level 25. HP: 104/163 MP: 25/26
 58258 | Depths:2 | Reached skill level 26 in Shields
 58447 | Depths:2 | Found Okli's Antique Weapon Boutique.
 58837 | Depths:2 | Received a gift from Trog
 59225 | Depths:2 | Noticed the Enchantress
 59282 | Depths:2 | Killed the Enchantress
 60486 | Depths:3 | Received a gift from Trog
 60910 | Depths:3 | Found a one-way gate to the infinite horrors of the Abyss.
 60944 | Depths:3 | Reached XP level 26. HP: 170/170 MP: 26/26
 61099 | Depths:3 | Found a one-way gate leading to the halls of Pandemonium.
 61440 | Depths:3 | Received a gift from Trog
 62398 | Depths:4 | Reached skill level 27 in Shields
 62578 | Depths:4 | Received a gift from Trog
 62941 | Depths:4 | Found a sacrificial altar of Ru.
 62965 | Depths:4 | Got a pair of scorched boots
 62969 | Depths:4 | Identified the +2 pair of boots of Tartarus {rPois} (You acquired it on level 4 of the Depths)
 63105 | Depths:4 | Found a glowing silver altar of Zin.
 63618 | Depths:4 | Got a blackened large shield
 63621 | Depths:4 | Identified the +0 large shield of Dishonour {rC++ Regen+ Dex+4 Stlth-} (You found it on level 4 of the Depths)
 63640 | Depths:4 | Found a sparkling altar of Nemelex Xobeh.
 63863 | Depths:5 | Entered Level 5 of the Depths
 64237 | Depths:5 | Received a gift from Trog
 64247 | Depths:5 | Reached XP level 27. HP: 177/177 MP: 26/26
 64664 | Depths:5 | Found a gate to the Realm of Zot.
 64670 | Zot:1    | Entered Level 1 of the Realm of Zot
 65450 | Zot:1    | Received a gift from Trog
 65465 | Zot:1    | Got an ivory demon blade {god gift}
 65466 | Zot:1    | Identified the +3 demon blade of the Badger {freeze, *Noise Str+5 Int+4} (Trog gifted it to you on level 1 of the Realm of Zot)
 65951 | Zot:2    | Noticed an orb of fire
 65955 | Zot:2    | Noticed an orb of fire
 65963 | Zot:2    | Gained mutation: You are weak. (Str -2) [an orb of fire]
 65965 | Zot:2    | Gained mutation: You occasionally shout uncontrollably at your foes. [an orb of fire]
 65966 | Zot:2    | Gained mutation: You are dopey. (Int -2) [an orb of fire]
 65972 | Zot:2    | Killed an orb of fire
 65995 | Zot:2    | Noticed an orb of fire
 66006 | Zot:2    | Slain by a golden dragon

Vault maps used:
D:1:      dpeg_arrival_circle_labyrinth_a
D:3:      overflow_temple_1_default, overflow_temple_1_default,
          lemuel_zombie_altar_kikubaaqudgha, first_bread
D:4:      old_standard_altar, gup_sewer_entry_bowl, uniq_grinder, uniq_menkaure
D:5:      kennysheep_kobold_camp, grunt_qazlal_clouds, old_standard_altar,
          uniq_edmund
D:6:      serial_shops, shop_fountains, yredelemnul_altar_generic
D:7:      lemuel_crystal_altar, tso_oasis_becter, minmay_temple_entry_junction,
          grunt_livestock, kennysheep_generic_room_14, uniq_pikel
D:8:      lemuel_crystal_altar, grunt_dithmenos_smoke_and_mirrors
D:9:      minmay_ornate_pinched, okawaru_ov_weapons_minmay, orc_0_dummy,
          fountainhead
D:11:     serial_shops, kennysheep_mini_moat, onia_ninara_cookie, uniq_harold,
          uniq_urug
D:12:     makhleb_altar_promises_db, uniq_rupert
D:13:     serial_shops, nicolae_shop_crystal, serial_bayou_pond_a, uniq_snorg,
          uniq_nessos
D:14:     erik_vaults_1, minmay_door_square, lab_entry_generic, spider_trap
D:15:     hangedman_depths_entry_civil_slaughter, serial_shops, shop, shop,
          shop, nicolae_shop_overgrown_old_shop, shop, serial_glass,
          glass_columns_b, glass_columns_a, nicolae_ru_the_path_less_chosen,
          uniq_agnes, uniq_sonja
Temple:   corrupted_temple
Lair:1:   beast_lair_carwin_4, grunt_megastairs_5, bh_autumn_forest_stairs,
          lemuel_fruit_tree
Lair:2:   patterned_corridor
Lair:3:   elwin_shoals_entry_stream, serial_forest,
          infiniplex_forest_lined_corner, infiniplex_forest_zigzag_1,
          infiniplex_forest_clump_curved, infiniplex_forest_clump_C,
          infiniplex_forest_clump_small, infiniplex_forest_zigzag_1,
          minivault_29
Lair:4:   dummy_snake_entry, serial_bayou_pond_a, uniq_josephine
Lair:5:   grunt_megastairs_2
Lair:6:   slime_altar_2, st_stairs_5, uniq_kirke
Lair:7:   uniq_maud
Lair:8:   evil_forest, ice2_lemuel, serial_bayou_shore_b
Shoals:2: serial_shops, shop_fountains
Shoals:3: cheibrodos_shoals_roost, nicolae_shoals_wave_tunnel
Shoals:4: serial_shops, shop, shoals_end_simple, shoals_ilsuiw_alternative,
          lemuel_centaur_altar
Snake:1:  nicolae_snake_double_loop
Snake:2:  serial_shops, nicolae_shop_temple_entry_statues_fountains, basic_altar
Snake:3:  kennysheep_six_static_rooms, uniq_vashnia, uniq_aizul
Snake:4:  grunt_snake_rune_spirals, st_stairs_3
Orc:1:    basic_altar, mines2_david
Orc:2:    mines3_lemuel
Orc:3:    basic_altar, nicolae_orc_pool_cavern
Orc:4:    grunt_orc_cross, portal_ice_cave_entry_pillars_01, serial_shops, shop,
          nicolae_volcano_entry_hallway, uniq_donald
Elf:1:    serial_shops, shop_statue, hangedman_elf_disciples, dk_noncrumbling_4
Elf:2:    serial_shops, shop_statue, uniq_azrael, uniq_roxanne, uniq_jorgrun
Elf:3:    minmay_elf_hall_dome, serial_shops, shop, grunt_megastairs_4
Vaults:1: v_rooms_4, hangedman_vaults_nails, vaults_room_octagon, v_pattern_1,
          v_misc_8, nicolae_vaults_puzzle_piece
Vaults:2: nicolae_vaults_triangles, v_rooms_2, v_misc_16, vaults_mumra_hexcomb,
          v_misc_25, ontoclasm_vaults_twist, st_spiral_rooms, v_misc_2,
          hangedman_vaults_capsules, nicolae_vaults_circle_grid_a,
          vaults_room_pools, vaults_dpeg_ring
Vaults:3: nicolae_vaults_little_ls, v_misc_5, grunt_vaults_trifunnel,
          v_pattern_2, v_rooms_4, v_misc_16, vaults_room_hangedman_quadrants,
          nicolae_vaults_alarming, blue_anna_dwarven_crypt, serial_shops,
          nicolae_shop_waterfront, serial_hangedman_research,
          hangedman_research_probablistics, hangedman_research_metamorphosis,
          uniq_mennas
Vaults:4: vaults_dpeg_cross, nicolae_vaults_ninety_degrees,
          ontoclasm_vaults_spin, hangedman_vaults_unwind, vaults_room_octagon,
          hangedman_vaults_stretched_pinwheel, nicolae_vaults_big_angled_halls,
          nicolae_vaults_murderbox, ontoclasm_vaults_ring_small,
          nicolae_vaults_rhombus_7, hangedman_vaults_trim, vaults_room_hallway,
          dpeg_vaults_monster_row, nicolae_vaults_border_crossing
Depths:1: hell_entry, serial_shops, shop, lemuel_round_altar,
          minmay_misc_feat_roman, hangedman_abyss_or_decor_stabs,
          kilobyte_mutagenic_chamber, uniq_sojobo, uniq_norris
Depths:2: evilmike_hourglass, hell_entry, serial_shops, shop_statue,
          mikee_hates_you, minmay_staircase_bubble, uniq_enchantress
Depths:3: kennysheep_four_of_diamonds, abyss_entry, grunt_pan_entry_spiral,
          grunt_hell_entry_dis_old, minmay_misc_feat_diagonals
Depths:4: grunt_profane_halls, abyss_entry, hell_entry
Depths:5: evilmike_zot_entry_gauntlet, hell_entry,
          hangedman_decor_clover_reticule
Zot:2:    lemuel_lake_of_fire
Lab:      nicolae_lab_dead_adventurers, nicolae_lab_very_dead_end,
          nicolae_lab_statue
IceCv:    ice_cave_caverns_03
Volcano:  volcano_grotto

Action                   |  1- 3 |  4- 6 |  7- 9 | 10-12 | 13-15 | 16-18 | 19-21 | 22-24 | 25-27 || total
-------------------------+-------+-------+-------+-------+-------+-------+-------+-------+-------++-------
Melee: Flail             |   120 |       |   345 |   950 |   108 |  2697 |   206 |  1354 |       ||  5780
       Whip              |    24 |   216 |    50 |   584 |  1292 |       |    16 |       |       ||  2182
       Staff             |       |       |   260 |       |       |       |       |       |       ||   260
       Dire flail        |       |       |   115 |       |       |       |       |       |       ||   115
       Morningstar       |       |       |       |       |  1150 |   118 |  2362 |       |       ||  3630
       Demon whip        |       |       |       |       |       |    55 |    75 |  1382 |  2864 ||  4376
Invok: Berserk           |       |       |       |     5 |     1 |       |       |       |       ||     6
       Burn Spellbooks   |       |       |       |     2 |     4 |     5 |     8 |     6 |     4 ||    29
       Brothers in Arms  |       |       |       |       |     7 |     3 |     7 |    10 |     8 ||    35
 Abil: Evoke Berserk Rag |       |     2 |     5 |     1 |       |       |       |       |       ||     8
       Fly               |       |       |       |       |     1 |       |     5 |       |       ||     6
       Stop Flying       |       |       |       |       |     1 |       |     4 |       |       ||     5
       Evoke Teleport Co |       |       |       |       |       |     2 |       |     1 |       ||     3
Evoke: Wand              |       |       |       |       |     1 |       |       |       |       ||     1
  Use: Potion            |     2 |     5 |     4 |     5 |     6 |     2 |     4 |     4 |     6 ||    38
       Scroll            |     5 |     2 |     9 |     6 |     9 |     9 |     7 |     5 |     6 ||    58
 Stab: Invisible         |       |       |       |     4 |       |       |       |       |       ||     4
       Distracted        |       |       |       |       |     2 |     1 |       |     2 |     1 ||     6
  Eat: Chunk             |     2 |     2 |    14 |    27 |    12 |     3 |       |     1 |       ||    61
       Meat ration       |       |     1 |       |     1 |       |     2 |     4 |     2 |     2 ||    12
       Bread ration      |       |       |     1 |     1 |     4 |     5 |     3 |     3 |     4 ||    21
       Fruit             |       |       |     1 |     1 |     3 |     3 |     7 |     4 |     1 ||    20
       Pizza             |       |       |       |     2 |     5 |     2 |       |     1 |       ||    10
       Beef jerky        |       |       |       |     1 |     1 |     2 |     1 |     1 |     1 ||     7
       Royal jelly       |       |       |       |       |     1 |       |     1 |       |       ||     2
